 Dungeon Crawl Stone Soup version 0.29-a0-553-g81b289d (webtiles) character file.

Game seed: 7432012718336490424

12 Illumine the Poker (level 2, 0/23 HPs)
             Began as a Merfolk Gladiator on June 6, 2022.
             Slain by a jackal (2 damage)
             ... on level 1 of the Dungeon.
             The game lasted 00:01:12 (559 turns).

Illumine the Poker (Merfolk Gladiator)               Turns: 559, Time: 00:01:13

Health: 0/23       AC:  5    Str: 14    XL:     2   Next: 33%
Magic:  2/2        EV: 13    Int:  7    God:
Gold:   7          SH:  0    Dex: 15    Spells: 1/1 levels left

rFire   . . .      SeeInvis .   a - +0 trident
rCold   . . .      Faith    .   (no shield)
rNeg    . . .      Spirit   .   b - +0 leather armour
rPois   .          Reflect  .   f - +2 hat
rElec   .          Harm     .   (no cloak)
rCorr   .          Rampage  .   (no gloves)
Will    .....                   (no boots)
Stlth   +.........              (no amulet)
HPRegen 0.07/turn               (no ring)
MPRegen 0.08/turn               (no ring)

@: no status effects
A: (nimble swimmer 2), mertail
a: no special abilities


You were on level 1 of the Dungeon.
You visited 1 branch of the dungeon, and saw 1 of its levels.

You collected 7 gold pieces.

Inventory:

Hand Weapons
 a - a +0 trident (weapon)
Missiles
 d - 3 throwing nets (quivered)
 e - a javelin
Armour
 b - a +0 leather armour (worn)
 c - a +0 helmet
 f - a +2 hat (worn)


   Skills:
 + Level 2.4 Fighting
 * Level 4.5 Polearms
 - Level 2.0 Throwing
 + Level 4.2 Dodging


You had one spell level left.
You didn't know any spells.
Your spell library contained the following spells:

 Spells                   Type           Power      Damage    Failure   Level
 Scorch                   Fire           0%         2d5       65%         2
 Gell's Gravitas          Tloc           0%         N/A       87%         3
 Lesser Beckoning         Tloc           0%         N/A       87%         3
 Teleport Other           Tloc           0%         N/A       87%         3
 Flame Wave               Conj/Fire      0%         2d4       99%         4
 Summon Cactus Giant      Summ           0%         N/A       100%        6


Dungeon Overview and Level Annotations

Branches:
Dungeon (1/15)

Altars:


Innate Abilities, Weirdness & Mutations

((You are very nimble when in or above water. (Stealth+, EV+, Speed+++)))
Your lower body shifts to a powerful aquatic tail in water.


Message History

Unknown command.
You closely miss the jackal.
The jackal is heavily wounded.
The jackal bites you but does no damage.
The hobgoblin barely misses you. The jackal barely misses you.
The jackal closely misses you.
You hit the jackal.
The jackal is heavily wounded.
The jackal misses you. The hobgoblin hits you. The jackal barely misses you.
The jackal closely misses you.
You closely miss the jackal.
The jackal is heavily wounded.
The jackal barely misses you. The hobgoblin barely misses you.
The jackal bites you but does no damage. x2
You barely miss the jackal.
The jackal is heavily wounded.
The jackal bites you. The hobgoblin barely misses you.
The jackal closely misses you.
The jackal bites you but does no damage.
You hit the jackal.
You kill the jackal!
The jackal bites you.
* * * LOW HITPOINT WARNING * * *
The hobgoblin misses you.
The jackal bites you but does no damage.
You hit the hobgoblin.
The hobgoblin is almost dead.
The hobgoblin hits you.
* * * LOW HITPOINT WARNING * * *
The jackal bites you but does no damage.
The hobgoblin hits you but does no damage.
You barely miss the hobgoblin.
The hobgoblin is almost dead.
The jackal barely misses you. The hobgoblin misses you. The jackal misses you.
You hit the hobgoblin.
You kill the hobgoblin!
The jackal bites you.
* * * LOW HITPOINT WARNING * * *
You hit the jackal but do no damage. The jackal bites you.
You die...

### #.........# ..#
#######.........# ###
#.....#.........#
#...............#
######........########
..............####
.................#
.#..
.................##
##.#.#
................@h#
.....#
...............†#†##
.....##
...........####....#
....".. ........####
#....##.......
........#
##....†#.......
##+######
#..............
P#.#PP##
#.......##.####
P#.#≈≈P## #.......#
.#.#≈≈≈P## #.......#


You could see a jackal.

Vanquished Creatures
  An endoplasm (D:1)
  3 hobgoblins (D:1)
  3 jackals (D:1)
  A ball python (D:1)
  A bat (D:1)
  2 frilled lizards (D:1)
11 creatures vanquished.

Notes
Turn   | Place    | Note
-------+----------+-------------------------------------------
     0 | D:1      | Illumine the Merfolk Gladiator began the quest for the Orb.
     0 | D:1      | Reached XP level 1. HP: 16/16 MP: 1/1
   447 | D:1      | Reached XP level 2. HP: 18/23 MP: 2/2
   559 | D:1      | Slain by a jackal

Illustrated notes

Levels and vault maps discovered:
D:1:      psy_arrival_terrarium, layout_basic, minmay_crystal_room

Action                   || total
-------------------------++-------
Melee: Trident           ||    52
Armor: Leather armour    ||    29
Dodge: Dodged            ||    71

Table legend: (Time is in decaauts)
 A = Elapsed time spent in this place.
 B = Non-inter-level travel time spent in this place.
 C = Inter-level travel time spent in this place.
 D = Time resting spent in this place.
 E = Time spent auto-exploring this place.
 F = Levels seen in this place.
 G = Mean time per level.
                   A        B        C        D        E       F      G
               +--------+--------+--------+--------+--------+-----+--------+
         Total |    563 |    541 |     22 |      0 |    426 |   1 |  563.0 |
       Dungeon |    563 |    541 |     22 |      0 |    426 |   1 |  563.0 |
               +--------+--------+--------+--------+--------+-----+--------+

Top non-repeatable levels by time:
     D:1: 563 daAuts
